 Dungeon Crawl Stone Soup version 0.23-a0-625-g1d2cd9b (console) character file.

23 Duffy the Caller (level 2, 1/15 HPs)
             Began as a Deep Elf Summoner on Dec 24, 2018.
             Quit the game on level 3 of the Dungeon.
             The game lasted 00:02:23 (736 turns).

Duffy the Caller (Deep Elf Summoner)                 Turns: 736, Time: 00:02:24

Health: 1/15       AC:  5    Str:  5    XL:     2   Next: 75%
Magic:  5/8        EV: 13    Int: 19    God:
Gold:   23         SH:  0    Dex: 15    Spells: 5/8 levels left

rFire    . . .     SeeInvis .   c - ration
rCold    . . .     Gourm    .   (no shield)
rNeg     . . .     Faith    .   a - +0 robe
rPois    .         Spirit   .   (no helmet)
rElec    .         Reflect  .   (no cloak)
rCorr    .         Harm     .   (no gloves)
MR       .....                  (no boots)
Stlth    +++.......             (no amulet)
HPRegen  0.05/turn              f - +3 ring of protection
MPRegen  0.11/turn              g - ring of stealth

@: no status effects
A: no striking features
a: no special abilities


You were on level 3 of the Dungeon.
You were not hungry.

You visited 1 branch of the dungeon, and saw 3 of its levels.

You collected 23 gold pieces.

Inventory:

Armour
 a - a +0 robe (worn)
Jewellery
 f - a +3 ring of protection (left hand)
 g - a ring of stealth (right hand)
Wands
 k - a wand of enslavement (9)
Scrolls
 d - a scroll of teleportation {unknown}
 i - a scroll of identify {unknown}
 j - a scroll of remove curse {unknown}
Potions
 b - a potion of degeneration {unknown}
 e - a potion of curing {unknown}
Comestibles
 c - a ration (in hand)
 h - 2 chunks of flesh


   Skills:
 - Level 2.4 Dodging
 - Level 2.4 Stealth
 + Level 3.9 Spellcasting
 + Level 4.9 Summonings


You had 5 spell levels left.
You knew the following spells:

 Your Spells              Type           Power        Failure   Level  Hunger
h - Summon Small Mammal   Summ           ###.         1%          1    None
j - Call Imp              Summ           ###.....     2%          2    ##.....

Your spell library contained the following spells:

 Spells                   Type           Power        Failure   Level  Hunger
 Call Canine Familiar     Summ           ###.....     5%          3    ###....
 Summon Guardian Golem    Hex/Summ       ##......     16%         3    ###....
 Summon Ice Beast         Ice/Summ       ##......     45%         4    ####...
 Summon Lightning Spire   Summ/Air       ##......     45%         4    ####...


Dungeon Overview and Level Annotations

Branches:
Dungeon (3/15)

Altars:


Message History

Orders for allies: a - Attack new target. r - Retreat! s - Stop attacking. g - Guard the area. f - Follow me.
Anything else - Cancel.
Gang up on whom?
Press: ? - help, Dir - move target cursor, f - dart slug
Aim: a dart slug (clinging) Attack!
Your white imp disappears in a puff of smoke!
The gnoll hits you from afar with a +0 spear.
A gnoll comes into view. It is wielding a +2 halberd of venom.
The gnoll hits you with a +0 spear.
The dart slug bites you but does no damage.
The gnoll barely misses you.
Casting: Call Imp (safe; 2% risk of failure)
Confirm with . or Enter, or press ? or * to list all spells.
A beastly little devil appears in a puff of frigid air.
The gnoll shouts!
The gnoll barely misses you.
Are you sure you want to abandon this character and quit the game? (Confirm

##### ##...## ##.....##
#.......# #####
#....%..# ####
#..)#######.......###...
#.g.g.@w5...............
#.).#####......%<.##....
##.## #.#.......####..
#.# ##.#.......####..
#.# #.w##........o#..
#.# #.####...####....
#g# ##%# ##### #.....
#.# #..# #.###.
........## ... #.


You could see 2 gnolls, a dart slug and a friendly white imp.

Vanquished Creatures (collateral kills)
  A gnoll (D:3)
  An ooze (D:2)
  2 worms
  An orc (D:3)
  2 goblins (D:1)
  2 hobgoblins (D:2)
  2 kobolds (D:1)
  A quokka (D:3)
  A ball python (D:3)
  3 bats
  3 rats (D:2)
19 creatures vanquished.

Notes
Turn   | Place    | Note
-------+----------+-------------------------------------------
     0 | D:1      | Duffy the Deep Elf Summoner began the quest for the Orb.
     0 | D:1      | Reached XP level 1. HP: 10/10 MP: 6/6
   353 | D:2      | Reached XP level 2. HP: 15/15 MP: 2/8
   357 | D:2      | Learned a level 2 spell: Call Imp
   736 | D:3      | Quit the game

Vault maps used:
D:1:      evilmike_arrival_crescent, minmay_misc_feat_x, minmay_quantized
D:2:      minmay_tall_x
D:3:      first_ration, uniq_ijyb

Action                   || total
-------------------------++-------
 Cast: Summon Small Mamm ||    39
       Call Imp          ||     5
Armor: Robe              ||     7
Dodge: Dodged            ||    15

Table legend:
 A = Non-vault XP
 B = Vault XP
 C = Vault XP percentage of total XP
 D = Non-vault monster count
 E = Vault monster count
 F = Vault count percentage of total count
                 A         B        C        D         E       F
            +---------+---------+-------+---------+---------+-------
      Total |      34 |       0 |   0.0 |      19 |       0 |   0.0
            +---------+---------+-------+---------+---------+-------
        D:1 |       5 |       0 |   0.0 |       5 |       0 |   0.0
        D:2 |      13 |       0 |   0.0 |       8 |       0 |   0.0
        D:3 |      16 |       0 |   0.0 |       6 |       0 |   0.0
            +---------+---------+-------+---------+---------+-------
